 Dungeon Crawl Stone Soup version 0.25.0-15-gac7dcb8 (webtiles) character file.

Game seed: 10024491351302785642

15119 lake5 the Geomancer (level 12, -4/71 HPs)
             Began as a Gargoyle Earth Elementalist on June 28, 2020.
             Was a Priest of Vehumet.
             Slain by a blink frog (6 damage)
             ... on level 2 of the Lair of Beasts.
             The game lasted 00:39:57 (14646 turns).

lake5 the Geomancer (Gargoyle Earth Elementalist)  Turns: 14646, Time: 00:39:57

Health: -4/71      AC: 17    Str: 13    XL:     12   Next: 23%
Magic:  6/34       EV: 14    Int: 20    God:    Vehumet [***...]
Gold:   246        SH:  0    Dex: 10    Spells: 20/29 levels left

rFire    . . .     SeeInvis .   r - +0 mace (venom)
rCold    + . .     Gourm    .   (no shield)
rNeg     + + .     Faith    .   s - +2 robe {rN+}
rPois    ∞         Spirit   .   x - +0 helmet
rElec    +         Reflect  .   (no cloak)
rCorr    .         Harm     .   B - +1 pair of gloves
MR       .....                  A - +0 pair of boots {Stlth+}
Stlth    +++.......             e - amulet of the acrobat
HPRegen  0.21/turn              v - ring of protection from cold
MPRegen  0.24/turn              F - ring of magical power

@: no status effects
A: negative energy resistance 1, electricity resistance, unbreathing,
petrification resistance, rot immunity, AC +8
a: Renounce Religion


You were on level 2 of the Lair of Beasts.
You worshipped Vehumet.
Vehumet was most pleased with you.
You were very hungry.

You visited 3 branches of the dungeon, and saw 11 of its levels.

You collected 477 gold pieces.
You spent 231 gold pieces at shops.

Inventory:

Hand Weapons
 r - a +0 mace of venom (weapon)
 E - a +1 vorpal mace
 G - a +0 vorpal quarterstaff
 J - a +3 long sword of flaming
Missiles
 b - 75 stones (quivered)
Armour
 s - a +2 robe of positive energy (worn)
 x - a +0 helmet (worn)
 A - a +0 pair of boots of stealth (worn)
 B - a +1 pair of gloves (worn)
 I - a +1 robe of magic resistance
Magical Staves
 z - an uncursed staff of wizardry
Jewellery
 e - an amulet of the acrobat (around neck)
 o - an uncursed ring of stealth
 v - a ring of protection from cold (left hand)
 C - an uncursed amulet of regeneration
 F - a ring of magical power (right hand)
Wands
 n - a wand of iceblast (10)
 D - a wand of acid (8)
 K - a wand of flame (17)
Scrolls
 c - 2 scrolls of enchant armour
 f - 5 scrolls of teleportation
 h - a scroll of holy word
 j - 2 scrolls of random uselessness {unknown}
 k - a scroll of identify
 m - 2 scrolls of amnesia
 q - 3 scrolls of enchant weapon {unknown}
 t - 2 scrolls of immolation
 u - 2 scrolls of magic mapping {unknown}
 w - 2 scrolls of blinking
 y - a scroll of fog
 L - 4 scrolls of remove curse
Potions
 a - 3 potions of haste
 g - a potion of resistance
 i - a potion of stabbing
 l - 3 potions of curing
 p - 2 potions of brilliance
 H - 4 potions of flight
Comestibles
 d - 34 rations


   Skills:
 + Level 6.9 Fighting
 + Level 6.3 Staves
 - Level 4.0 Armour
 + Level 5.6 Dodging
 - Level 2.1 Stealth
 + Level 9.0 Spellcasting
 + Level 8.8 Conjurations
   Level 0.7 Transmutations
 + Level 10.5 Earth Magic
 + Level 4.1 Evocations


You had 20 spell levels left.
You knew the following spells:

 Your Spells              Type           Power        Failure   Level  Hunger
a - Sandblast             Erth           ######       1%          1    None
b - Stone Arrow           Conj/Erth      #####.       1%          3    None
c - Lee's Rapid Deconstr  Erth           ######....   1%          5    #####..

Your spell library contained the following spells:

 Spells                   Type           Power        Failure   Level  Hunger
 Dazzling Flash           Conj/Hex       ####..       1%          3    None
 Passwall                 Tmut/Erth      ####....     1%          2    None
 Petrify                  Tmut/Erth      ####....     8%          4    ###....


Dungeon Overview and Level Annotations

Branches:
Dungeon (8/15)             Temple (1/1) D:7            Lair (2/6) D:8
  Swamp: Lair:2-4    Shoals: Lair:2-4     Snake: Lair:2-4    Spider: Lair:2-4

Altars:
Elyvilon
Hepliaklqana
Kikubaaqudgha
Makhleb
Nemelex Xobeh
Okawaru
Sif Muna
Trog
Vehumet
Wu Jian
Yredelemnul
Zin

Shops:
D:4 %   D:5 ?


Innate Abilities, Weirdness & Mutations

You are resistant to torment.
Your stone body is resilient. (AC +8)
You are immune to poison.
You resist negative energy. (rN+)
You are resistant to electric shocks. (rElec)
You can survive without breathing.
You are immune to petrification.
You are immune to rotting.


Message History

Casting: Stone Arrow (safe; 1% risk of failure)
Confirm with . or Enter, or press ? or * to list all spells.
Aiming: Stone Arrow (safe; 1% risk of failure)
Press: ? - help, Shift-Dir - straight line, f/p - blink frog
Aim: a blink frog (heavily wounded, poisoned)
The stone arrow misses the blink frog.
The blink frog hits you but does no damage.
The blink frog barely misses you. The blink frog misses you.
The blink frog closely misses you.
Casting: Stone Arrow (safe; 1% risk of failure)
Confirm with . or Enter, or press ? or * to list all spells.
Aiming: Stone Arrow (safe; 1% risk of failure)
Press: ? - help, Shift-Dir - straight line, f/p - blink frog
Aim: a blink frog (heavily wounded, poisoned)
The stone arrow hits the blink frog!
The blink frog is almost dead.
The blink frog hits you.
* * * LOW HITPOINT WARNING * * *
The blink frog blinks!
The blink frog hits you.
You die...

### ### #P###.##### #
# #......>..## #.#.
#.........P# .....
#..........#
.....#####......<..##
.....P..##..F......#
........##F........#
#..@F........#
#.###§........# ##
####.#....# ###...##
##...## ######.+.#.###
## #P##P..........P#
###.
...............####.+.
..##.##..........#..P.


You could see 3 blink frogs.

Vanquished Creatures
  A hydra (Lair:1)
  A queen ant (D:8)
  2 black mambas (Lair:1)
  2 spiny frogs
  4 elephants
  Joseph (D:7)
  Maggie (D:7)
  A rime drake (Lair:1)
  A queen bee (Lair:2)
  Prince Ribbit (D:6)
  A blink frog (Lair:2)
  3 hippogriffs
  Sigmund (D:2)
  10 yaks
  A spriggan (D:7)
  A wyvern (D:7)
  A basilisk (Lair:2)
  20 soldier ants
  Menkaure (D:7)
  5 water moccasins
  A porcupine (Lair:2)
  2 orc warriors (D:7)
  A phantom (D:5)
  2 sky beasts
  An ice beast (D:5)
  A centaur (D:7)
  4 ogres
  2 crocodiles
  A big kobold (D:7)
  2 bullfrogs
  A scorpion (D:4)
  31 killer bees
  4 crimson imps
  A quasit (D:6)
  A bullfrog zombie (D:7)
  4 hounds
  4 orc priests
  A jelly (D:5)
  10 orc wizards
  2 centaur skeletons (D:4)
  Jessica (D:2)
  22 worker ants
  2 iguanas
  Ijyb (D:5)
  Robin (D:2)
  4 gnolls (D:4)
  A howler monkey skeleton (D:4)
  12 adders
  An ooze (D:3)
  An adder zombie (D:5)
  A worm (D:2)
  2 dart slugs (D:1)
  4 leopard geckos
  41 orcs
  2 ball pythons
  3 giant cockroaches
  11 hobgoblins
  8 jackals
  8 quokkas
  11 bats
  5 frilled lizards
  13 goblins
  15 kobolds
  A quokka skeleton (D:6)
  7 rats
  A fungus (D:8)
314 creatures vanquished.

Vanquished Creatures (others)
  3 fungi (Lair:2)
  2 plants (Lair:2)
5 creatures vanquished.

Grand Total: 319 creatures vanquished

Notes
Turn   | Place    | Note
-------+----------+-------------------------------------------
     0 | D:1      | lake5 the Gargoyle Earth Elementalist began the quest for
                  | the Orb.
     0 | D:1      | Reached XP level 1. HP: 10/10 MP: 3/3
   255 | D:1      | Reached skill level 4 in Earth Magic
   255 | D:1      | Reached XP level 2. HP: 13/15 MP: 5/5
  1124 | D:1      | Reached XP level 3. HP: 19/19 MP: 6/6
  1129 | D:1      | Learned a level 3 spell: Stone Arrow
  1437 | D:2      | Noticed Robin
  1493 | D:2      | Killed Robin
  1493 | D:2      | Reached skill level 1 in Conjurations
  1493 | D:2      | Reached XP level 4. HP: 8/24 MP: 0/8
  1957 | D:2      | Noticed Sigmund
  1964 | D:2      | Killed Sigmund
  1964 | D:2      | Reached skill level 5 in Earth Magic
  1964 | D:2      | Reached XP level 5. HP: 14/28 MP: 2/10
  1964 | D:2      | Reached XP level 6. HP: 16/32 MP: 2/11
  1971 | D:2      | Learned a level 5 spell: Lee's Rapid Deconstruction
  2404 | D:2      | Noticed Jessica
  2410 | D:2      | Killed Jessica
  3129 | D:3      | Reached skill level 6 in Earth Magic
  3771 | D:3      | Reached XP level 7. HP: 36/36 MP: 13/13
  4770 | D:4      | Found Vicot's Food Shop.
  5227 | D:5      | Entered Level 5 of the Dungeon
  5227 | D:5      | Found Toogen's Magic Scroll Shoppe.
  5232 | D:5      | Reached skill level 5 in Spellcasting
  5232 | D:5      | Reached skill level 7 in Earth Magic
  5258 | D:4      | Reached skill level 5 in Conjurations
  5258 | D:4      | Reached XP level 8. HP: 38/42 MP: 15/15
  5290 | D:5      | Reached skill level 1 in Fighting
  5290 | D:5      | Reached skill level 1 in Armour
  5340 | D:5      | Bought a scroll of identify for 28 gold pieces
  5340 | D:5      | Bought a scroll of remove curse for 42 gold pieces
  5340 | D:5      | Bought a scroll of immolation for 49 gold pieces
  5340 | D:5      | Bought a scroll of fog for 28 gold pieces
  5383 | D:5      | Reached skill level 1 in Staves
  5537 | D:5      | Noticed Ijyb
  5545 | D:5      | Killed Ijyb
  5950 | D:6      | Found an ornate altar of the Wu Jian Council.
  6237 | D:6      | Noticed Prince Ribbit
  6242 | D:6      | Killed Prince Ribbit
  6302 | D:6      | Reached XP level 9. HP: 42/49 MP: 17/17
  6743 | D:7      | Noticed Joseph
  6763 | D:7      | Killed Joseph
  6763 | D:7      | Reached skill level 8 in Earth Magic
  7077 | D:7      | Noticed Menkaure
  7095 | D:7      | Killed Menkaure
  7445 | D:7      | Found a staircase to the Ecumenical Temple.
  7455 | Temple   | Entered the Ecumenical Temple
  7464 | Temple   | Became a worshipper of Vehumet
  7494 | D:7      | Noticed Maggie
  7512 | D:7      | Killed Maggie
  7844 | D:7      | Reached XP level 10. HP: 31/57 MP: 19/19
  8791 | D:8      | Found a staircase to the Lair.
  8996 | D:8      | Reached * piety under Vehumet
  8996 | D:8      | Offered knowledge of Shock by Vehumet.
  8996 | D:8      | Reached skill level 9 in Earth Magic
  9409 | D:7      | Reached skill level 1 in Evocations
  9765 | D:8      | Reached skill level 5 in Fighting
 10188 | D:8      | Reached skill level 5 in Staves
 10220 | D:8      | Reached XP level 11. HP: 53/64 MP: 22/22
 10261 | D:8      | Offered knowledge of Freeze by Vehumet.
 10368 | D:8      | Noticed a queen ant
 10382 | D:8      | Killed a queen ant
 10563 | D:8      | Reached ** piety under Vehumet
 11060 | D:5      | Bought 2 scrolls of teleportation for 84 gold pieces
 11126 | Lair:1   | Entered Level 1 of the Lair of Beasts
 11171 | Lair:1   | Noticed a five-headed hydra
 11178 | Lair:1   | Killed a five-headed hydra
 12271 | Lair:1   | Reached skill level 5 in Dodging
 12379 | D:8      | Reached skill level 10 in Earth Magic
 13495 | Lair:2   | Offered knowledge of Dazzling Flash by Vehumet.
 13495 | Lair:2   | Reached XP level 12. HP: 58/71 MP: 24/24
 14242 | Lair:2   | Reached *** piety under Vehumet
 14646 | Lair:2   | HP: 2/71 [blink frog (2)]
 14646 | Lair:2   | Slain by a blink frog

Illustrated notes

Levels and vault maps discovered:
D:1:      minmay_arrival_four_houses, layout_basic
D:2:      layout_basic, uniq_sigmund, uniq_robin, uniq_jessica
D:3:      layout_basic, first_ration
D:4:      layout_basic, serial_shops, nicolae_shop_statue_plus
D:5:      layout_gridville, serial_shops, nicolae_shop_statue_plus,
          ldierk_geyser, uniq_ijyb
D:6:      layout_loops_ring, kennysheep_mini_moat, uniq_prince_ribbit1
D:7:      layout_loops_ring, minmay_temple_entry_trees,
          nicolae_ossuary_entry_plus, the_bakery, kennysheep_another_room,
          uniq_joseph, uniq_menkaure, uniq_maggie
D:8:      layout_cave_pools, dpeg_oklobed_lair, minivault_29
Temple:   grunt_wide_crystal_templ
Lair:1:   layout_small_grid
Lair:2:   layout_roguey [special_room_bee]

Skill      XL: |  1  2  3  4  5  6  7  8  9 10 11 12 |
---------------+-------------------------------------+-----
Earth Magic    | 4 5 6 7 8 9 10 | 10.5
Conjurations   | 1 2 3 5 6 7 8 |  8.8
Spellcasting   | 3 4 5 6 7 8 9 |  9.0
Fighting       | 2 4 5 6 |  6.9
Armour         | 2 4 |  4.0
Staves         | 2 3 5 6 |  6.3
Dodging        | 2 3 4 5 |  5.6
Evocations     | 2 3 4 |  4.1
Stealth        | |  2.1
Transmutations | |  0.7

Action                   |  1- 3 |  4- 6 |  7- 9 | 10-12 || total
-------------------------+-------+-------+-------+-------++-------
Melee: Club              |    90 |    41 |       |       ||   131
       Mace              |       |   129 |   327 |   566 ||  1022
 Cast: Sandblast         |    24 |    23 |    45 |    41 ||   133
       Stone Arrow       |       |       |     5 |    96 ||   101
  Use: Potion            |       |       |     1 |       ||     1
       Scroll            |       |       |       |    15 ||    15
 Stab: Sleeping          |     3 |     4 |    13 |     5 ||    25
       Distracted        |       |       |       |     1 ||     1
  Eat: Chunk             |     2 |     8 |    13 |    15 ||    38
       Ration            |       |       |       |     2 ||     2
Armor: Robe              |    51 |    99 |   182 |   421 ||   753
Dodge: Dodged            |    80 |   195 |   238 |   821 ||  1334
